TOP OF THE 1ST |
North Carolina State Wolfpack batting - Pitching for Washington State Cougars : RHP Mike Ramos
|
Pitching: RHP Mike Ramos
|
|
Batting: RHB Henry Dawson
|
0-0: Swinging Strike 0-1: Foul Ball, location: 2F 0-2: Strikes out swinging
|
Batting: RHB Kyle Watkins
|
0-0: Ball 1-0: SOLO HOME RUN (Flyball, 7LD), Distance : 337 ft
|
Batting: LHB Frank Jackson
|
0-0: Swinging Strike 0-1: Ball 1-1: Ball 2-1: SINGLE (Line Drive, 8LS)
|
Batting: RHB Dennis Mays
|
0-0: Ball 1-0: Called Strike 1-1: SINGLE (Groundball, 4MD) (infield hit) Frank Jackson to second
|
Batting: LHB Corey MacGregor
|
0-0: Foul Ball, location: 2F 0-1: Ball 1-1: Ball 2-1: Ball 3-1: Base on Balls Frank Jackson to third Dennis Mays to second
|
Batting: SHB Hollis Hughes
|
0-0: Ball 1-0: Called Strike 1-1: Ball 2-1: Called Strike 2-2: SINGLE (Groundball, 4MD) Frank Jackson scores Dennis Mays to third Corey MacGregor to second
|
Batting: RHB Bob Olson
|
0-0: Ball 1-0: Foul Ball, location: 2F 1-1: Ball 2-1: Ball 3-1: Foul Ball, location: 2F 3-2: Base on Balls Dennis Mays scores Corey MacGregor to third Hollis Hughes to second
|
Batting: RHB Chester Page
|
0-0: Foul Ball, location: 2F 0-1: Foul Ball, location: 2F 0-2: Ball 1-2: Ball 2-2: Ball 3-2: Base on Balls Corey MacGregor scores Hollis Hughes to third Bob Olson to second
|
Batting: RHB Roberto Landavazo
|
0-0: Called Strike 0-1: Ball 1-1: Foul Ball, location: 2F 1-2: Ball 2-2: Foul Ball, location: 2F 2-2: SINGLE (Line Drive, 6D) Hollis Hughes scores Bob Olson to third Chester Page to second Runner from 3rd tries for Home, SAFE, throw made home Chester Page to third Roberto Landavazo to second
|
Batting: RHB Henry Dawson
|
0-0: Foul Ball, location: 2F 0-1: Ball 1-1: Foul Ball, location: 2F 1-2: Ball 2-2: Strikes out swinging
|
Batting: RHB Kyle Watkins
|
0-0: Ball 1-0: Foul Ball, location: 2F 1-1: Swinging Strike 1-2: Ball 2-2: Strikes out swinging
|
Top of the 1st over - 6 run(s), 5 hit(s), 0 error(s), 2 left on base; North Carolina State 6 - Washington State 0 |
BOTTOM OF THE 1ST |
Washington State Cougars batting - Pitching for North Carolina State Wolfpack : RHP Maurice Green
|
Pitching: RHP Maurice Green
|
|
Batting: RHB Mauro Paredes
|
0-0: Ball 1-0: Ball 2-0: Ball 3-0: Called Strike 3-1: Foul Ball, location: 2F 3-2: Foul Ball, location: 2F 3-2: Strikes out swinging
|
Batting: RHB John Hall
|
0-0: Ball 1-0: Ball 2-0: Swinging Strike 2-1: Ball 3-1: Foul Ball, location: 2F 3-2: Foul Ball, location: 2F 3-2: Base on Balls
|
Batting: RHB Thomas Bowman
|
0-0: Swinging Strike 0-1: Foul Ball, location: 2F 0-2: Ball 1-2: Ball 2-2: Grounds into double play, 6-4-3 (Groundball, 6)
|
Bottom of the 1st over - 0 run(s), 0 hit(s), 0 error(s), 0 left on base; North Carolina State 6 - Washington State 0 |
TOP OF THE 2ND |
North Carolina State Wolfpack batting - Pitching for Washington State Cougars : RHP Mike Ramos
|
Batting: LHB Frank Jackson
|
0-0: Swinging Strike 0-1: Ground out 4-3 (Groundball, 34)
|
Batting: RHB Dennis Mays
|
0-0: Ball 1-0: Called Strike 1-1: Ball 2-1: Foul Ball, location: 2F 2-2: Fly out, F8 (Flyball, 8RM)
|
Batting: LHB Corey MacGregor
|
0-0: Ball 1-0: Swinging Strike 1-1: SOLO HOME RUN (Flyball, 9LD), Distance : 331 ft
|
Batting: SHB Hollis Hughes
|
0-0: Called Strike 0-1: Called Strike 0-2: Ball 1-2: Strikes out swinging
|
Top of the 2nd over - 1 run(s), 1 hit(s), 0 error(s), 0 left on base; North Carolina State 7 - Washington State 0 |
BOTTOM OF THE 2ND |
Washington State Cougars batting - Pitching for North Carolina State Wolfpack : RHP Maurice Green
|
Batting: RHB Jesús Domínguez
|
0-0: Ground out 5-3 (Groundball, 56)
|
Batting: RHB Bill McKinney
|
0-0: Ball 1-0: Ball 2-0: Ball 3-0: Called Strike 3-1: Foul Ball, location: 2F 3-2: Strikes out swinging
|
Batting: RHB Ismael Rodríguez
|
0-0: Ball 1-0: SINGLE (Groundball, 34)
|
Batting: RHB Adam Gentry
|
0-0: Fly out, F6 (Popup, 4M)
|
Bottom of the 2nd over - 0 run(s), 1 hit(s), 0 error(s), 1 left on base; North Carolina State 7 - Washington State 0 |
TOP OF THE 3RD |
North Carolina State Wolfpack batting - Pitching for Washington State Cougars : RHP Mike Ramos
|
Batting: RHB Bob Olson
|
0-0: Swinging Strike 0-1: Fly out, F8 (Flyball, 8RD)
|
Batting: RHB Chester Page
|
0-0: SINGLE (Line Drive, 4MD)
|
Batting: RHB Roberto Landavazo
|
0-0: Called Strike Chester Page steals 2nd base 0-1: Ground out 2-3 (Groundball, 2R) Chester Page to third
|
Batting: RHB Henry Dawson
|
0-0: Swinging Strike 0-1: Foul Ball, location: 2F 0-2: DOUBLE (Flyball, 78XD) Chester Page scores
|
Pitching: RHP Wilford Hodge
|
|
Batting: RHB Kyle Watkins
|
0-0: Foul Ball, location: 2F 0-1: Called Strike 0-2: Ball 1-2: Ball 2-2: Foul Ball, location: 2F 2-2: Ball 3-2: Reached on error, E6 (Groundball, 6) Henry Dawson to third
|
Batting: LHB Frank Jackson
|
0-0: Called Strike 0-1: SINGLE (Groundball, 4MD) Henry Dawson scores Kyle Watkins to second
|
Batting: RHB Dennis Mays
|
0-0: Ball 1-0: Called Strike 1-1: Ball 2-1: Ball 3-1: Base on Balls Kyle Watkins to third Frank Jackson to second
|
Batting: LHB Corey MacGregor
|
0-0: Fly out, F8 (Line Drive, 8RM)
|
Top of the 3rd over - 2 run(s), 3 hit(s), 1 error(s), 3 left on base; North Carolina State 9 - Washington State 0 |
BOTTOM OF THE 3RD |
Washington State Cougars batting - Pitching for North Carolina State Wolfpack : RHP Maurice Green
|
Batting: RHB Eddy Henderson
|
0-0: Ball 1-0: Swinging Strike 1-1: Called Strike 1-2: Strikes out looking
|
Batting: LHB Andrew Lockhart
|
0-0: Ground out 6-3 (Groundball, 6)
|
|
|
Batting: RHB Mauro Paredes
|
0-0: Ball 1-0: Ball 2-0: Called Strike 2-1: Foul Ball, location: 2F 2-2: Ball 3-2: Hit by Pitch
|
Batting: RHB John Hall
|
0-0: Called Strike 0-1: Ball 1-1: Foul Ball, location: 2F 1-2: Foul Ball, location: 2F 1-2: Fly out, F1 (Line Drive, 15)
|
Bottom of the 3rd over - 0 run(s), 0 hit(s), 0 error(s), 1 left on base; North Carolina State 9 - Washington State 0 |
TOP OF THE 4TH |
North Carolina State Wolfpack batting - Pitching for Washington State Cougars : RHP Wilford Hodge
|
Batting: SHB Hollis Hughes
|
0-0: Swinging Strike 0-1: Ball 1-1: Foul Ball, location: 2F 1-2: Ball 2-2: Ball 3-2: Foul Ball, location: 2F 3-2: Fly out, F9 (Line Drive, 89M)
|
Batting: RHB Bob Olson
|
0-0: Called Strike 0-1: Ball 1-1: Ball 2-1: Swinging Strike 2-2: Ball 3-2: Base on Balls
|
Batting: RHB Chester Page
|
0-0: Ball 1-0: Ball 2-0: Called Strike 2-1: Ball 3-1: Base on Balls Bob Olson to second
|
Batting: RHB Roberto Landavazo
|
0-0: Foul Ball, location: 2F 0-1: Ball 1-1: Grounds into double play, U6-3 (Groundball, 6M)
|
Top of the 4th over - 0 run(s), 0 hit(s), 0 error(s), 1 left on base; North Carolina State 9 - Washington State 0 |
BOTTOM OF THE 4TH |
Washington State Cougars batting - Pitching for North Carolina State Wolfpack : RHP Maurice Green
|
Batting: RHB Thomas Bowman
|
0-0: Ball 1-0: Foul Ball, location: 2F 1-1: Ground out 5-3 (Groundball, 56)
|
Batting: RHB Jesús Domínguez
|
0-0: Called Strike 0-1: Foul Ball, location: 2F 0-2: Ball 1-2: Ball 2-2: Foul Ball, location: 2F 2-2: Ground out 4-3 (Groundball, 4)
|
Batting: RHB Bill McKinney
|
0-0: SINGLE (Line Drive, 89M)
|
Batting: RHB Ismael Rodríguez
|
0-0: Ball 1-0: DOUBLE (Line Drive, 7LM) Bill McKinney to third
|
Batting: RHB Adam Gentry
|
0-0: Fly out, F8 (Line Drive, 8LS)
|
Bottom of the 4th over - 0 run(s), 2 hit(s), 0 error(s), 2 left on base; North Carolina State 9 - Washington State 0 |
TOP OF THE 5TH |
North Carolina State Wolfpack batting - Pitching for Washington State Cougars : RHP Wilford Hodge
|
Batting: RHB Henry Dawson
|
0-0: Fly out, F7 (Line Drive, 7M)
|
Batting: RHB Kyle Watkins
|
0-0: Swinging Strike 0-1: Ball 1-1: Hit by Pitch
|
Batting: LHB Frank Jackson
|
0-0: Called Strike 0-1: Ball 1-1: Fielders Choice at 2nd, 1-6 (Groundball, 13)
|
Batting: RHB Dennis Mays
|
0-0: Ball Frank Jackson is caught stealing 2nd base
|
Top of the 5th over - 0 run(s), 0 hit(s), 0 error(s), 0 left on base; North Carolina State 9 - Washington State 0 |
BOTTOM OF THE 5TH |
Washington State Cougars batting - Pitching for North Carolina State Wolfpack : RHP Maurice Green
|
Batting: RHB Eddy Henderson
|
0-0: Ball 1-0: Ball 2-0: Ball 3-0: Called Strike 3-1: Fly out, F9 (Popup, 89S)
|
Batting: LHB Andrew Lockhart
|
0-0: Foul Ball, location: 2F 0-1: Foul Ball, location: 2F 0-2: Strikes out looking
|
Batting: RHB Mauro Paredes
|
0-0: Ball 1-0: Foul Ball, location: 2F 1-1: Fly out, F3 (Popup, 3SF)
|
Bottom of the 5th over - 0 run(s), 0 hit(s), 0 error(s), 0 left on base; North Carolina State 9 - Washington State 0 |
TOP OF THE 6TH |
North Carolina State Wolfpack batting - Pitching for Washington State Cougars : RHP Wilford Hodge
|
Batting: RHB Dennis Mays
|
0-0: SINGLE (Line Drive, 4MD)
|
Batting: LHB Corey MacGregor
|
0-0: Ball 1-0: Grounds out, U3 (Groundball, 3L)
|
Batting: SHB Hollis Hughes
|
0-0: DOUBLE (Flyball, 9D) Dennis Mays scores
|
Pitching: LHP Don Springer
|
|
Batting: RHB Bob Olson
|
0-0: Ball 1-0: Ball 2-0: SINGLE (Line Drive, 9S) Hollis Hughes to third
|
Batting: RHB Chester Page
|
0-0: Hit by Pitch Bob Olson to second
|
Batting: RHB Roberto Landavazo
|
0-0: SINGLE (Line Drive, 56D) Hollis Hughes scores Bob Olson to third Chester Page to second
|
Batting: RHB Henry Dawson
|
0-0: Called Strike 0-1: Swinging Strike 0-2: Ball 1-2: Ball 2-2: Strikes out swinging
|
Batting: RHB Kyle Watkins
|
0-0: Called Strike 0-1: Foul Ball, location: 2F 0-2: DOUBLE (Line Drive, 89M) Bob Olson scores Chester Page scores Roberto Landavazo to third Runner from 3rd tries for Home, SAFE, no throw or cutoff
|
Pitching: LHP Bob Franklin
|
|
Batting: LHB Frank Jackson
|
0-0: 2-RUN HOME RUN (Flyball, 9D), Distance : 350 ft
|
Batting: RHB Dennis Mays
|
0-0: Foul Ball, location: 2F 0-1: SINGLE (Line Drive, 89M)
|
Batting: LHB Corey MacGregor
|
0-0: Ball 1-0: Ball 2-0: Foul Ball, location: 2F 2-1: Ball 3-1: Foul Ball, location: 2F 3-2: Ground out 6-3 (Groundball, 6)
|
Top of the 6th over - 7 run(s), 7 hit(s), 0 error(s), 1 left on base; North Carolina State 16 - Washington State 0 |
BOTTOM OF THE 6TH |
Washington State Cougars batting - Pitching for North Carolina State Wolfpack : RHP Maurice Green
|
Batting: RHB John Hall
|
0-0: DOUBLE (Line Drive, 78M)
|
Batting: RHB Thomas Bowman
|
0-0: Ball 1-0: Swinging Strike 1-1: Swinging Strike 1-2: Strikes out swinging
|
Batting: RHB Jesús Domínguez
|
0-0: Foul Ball, location: 2F 0-1: Ball 1-1: Swinging Strike 1-2: Strikes out looking
|
Batting: RHB Bill McKinney
|
0-0: Called Strike 0-1: SINGLE (Line Drive, 4) John Hall to third
|
Pitching: RHP Shawn Roberts
|
|
Batting: RHB Ismael Rodríguez
|
Pickoff Throw to First - Out!
|
Bottom of the 6th over - 0 run(s), 2 hit(s), 0 error(s), 0 left on base; North Carolina State 16 - Washington State 0 |
TOP OF THE 7TH |
North Carolina State Wolfpack batting - Pitching for Washington State Cougars : LHP Bob Franklin
|
Batting: SHB Hollis Hughes
|
0-0: Called Strike 0-1: Called Strike 0-2: Ball 1-2: Strikes out swinging
|
Batting: RHB Bob Olson
|
0-0: Called Strike 0-1: Foul Ball, location: 2F 0-2: Strikes out swinging
|
Batting: RHB Chester Page
|
0-0: Ground out 4-3 (Groundball, 4M)
|
Top of the 7th over - 0 run(s), 0 hit(s), 0 error(s), 0 left on base; North Carolina State 16 - Washington State 0 |
BOTTOM OF THE 7TH |
Washington State Cougars batting - Pitching for North Carolina State Wolfpack : RHP Shawn Roberts
|
Batting: RHB Ismael Rodríguez
|
0-0: Foul Ball, location: 2F 0-1: Ball 1-1: Ball 2-1: Swinging Strike 2-2: Strikes out swinging
|
Batting: RHB Adam Gentry
|
0-0: Ball 1-0: Ball 2-0: Ball 3-0: Called Strike 3-1: Called Strike 3-2: Foul Ball, location: 2F 3-2: Foul Ball, location: 2F 3-2: Foul Ball, location: 2F 3-2: Base on Balls
|
Batting: RHB Eddy Henderson
|
0-0: Called Strike 0-1: Ball Adam Gentry is caught stealing 2nd base 1-1: SINGLE (Line Drive, 9S)
|
Batting: LHB Andrew Lockhart
|
0-0: Ball 1-0: Swinging Strike 1-1: Called Strike 1-2: Ball 2-2: Ball 3-2: Strikes out swinging
|
Bottom of the 7th over - 0 run(s), 1 hit(s), 0 error(s), 1 left on base; North Carolina State 16 - Washington State 0 |
TOP OF THE 8TH |
North Carolina State Wolfpack batting - Pitching for Washington State Cougars : LHP Bob Franklin
|
Batting: RHB Roberto Landavazo
|
0-0: Foul Ball, location: 2F 0-1: Ball 1-1: Ball 2-1: Called Strike 2-2: Ground out 3-1 (Groundball, 34)
|
Batting: RHB Henry Dawson
|
0-0: Called Strike 0-1: Ball 1-1: Foul Ball, location: 2F 1-2: Ball 2-2: Ball 3-2: Foul Ball, location: 2F 3-2: Fly out, F2 (Popup, 2RF)
|
Batting: RHB Kyle Watkins
|
0-0: SINGLE (Groundball, 34D)
|
Batting: LHB Frank Jackson
|
0-0: Ball 1-0: Called Strike 1-1: Foul Ball, location: 2F 1-2: Strikes out looking
|
Top of the 8th over - 0 run(s), 1 hit(s), 0 error(s), 1 left on base; North Carolina State 16 - Washington State 0 |
BOTTOM OF THE 8TH |
Washington State Cougars batting - Pitching for North Carolina State Wolfpack : RHP Shawn Roberts
|
Now at 3B: Jorge García
|
|
Batting: RHB Mauro Paredes
|
0-0: Ball 1-0: Ball 2-0: Ball 3-0: Called Strike 3-1: Base on Balls
|
Batting: RHB John Hall
|
0-0: Called Strike 0-1: Ball 1-1: Ball 2-1: Foul Ball, location: 2F 2-2: Strikes out swinging
|
Batting: RHB Thomas Bowman
|
0-0: Ball 1-0: Ball 2-0: Swinging Strike 2-1: Ball 3-1: SINGLE (Groundball, 4MD) Mauro Paredes to second
|
Batting: RHB Jesús Domínguez
|
0-0: Ball 1-0: Ball 2-0: Ball 3-0: Called Strike 3-1: SINGLE (Line Drive, 56D) Mauro Paredes to third Thomas Bowman to second
|
Batting: RHB Bill McKinney
|
0-0: Ball 1-0: Called Strike 1-1: SINGLE (Groundball, 4MD) Mauro Paredes scores Thomas Bowman to third Jesús Domínguez to second Runner from 3rd tries for Home, SAFE, throw made home
|
Batting: RHB Ismael Rodríguez
|
0-0: Called Strike 0-1: Ball 1-1: Ball 2-1: Ball 3-1: Called Strike 3-2: Base on Balls Jesús Domínguez to third Bill McKinney to second
|
Pitching: RHP Bob Howe
|
|
Batting: RHB Adam Gentry
|
0-0: Foul Ball, location: 2F 0-1: Fly out, F6 (Popup, 6)
|
Batting: RHB Eddy Henderson
|
0-0: Foul Ball, location: 2F 0-1: Ground out 3-1 (Groundball, 34)
|
Bottom of the 8th over - 2 run(s), 3 hit(s), 0 error(s), 3 left on base; North Carolina State 16 - Washington State 2 |
TOP OF THE 9TH |
North Carolina State Wolfpack batting - Pitching for Washington State Cougars : LHP Bob Franklin
|
Pitching: LHP Leroy Cameron
|
|
Batting: RHB Dennis Mays
|
0-0: Ball 1-0: Ball 2-0: Ball 3-0: Base on Balls
|
Batting: LHB Corey MacGregor
|
0-0: Ball 1-0: SINGLE (Groundball, 34D) (infield hit) Dennis Mays to second
|
Batting: SHB Hollis Hughes
|
0-0: Called Strike 0-1: Ball 1-1: Swinging Strike 1-2: Ball 2-2: Strikes out looking
|
Batting: RHB Bob Olson
|
0-0: Called Strike Throwing error on steal attempt, E2 Dennis Mays scores Corey MacGregor to third 0-1: Ball 1-1: Ground out 5-3 (Groundball, 6) Corey MacGregor scores
|
Batting: RHB Chester Page
|
0-0: Ball 1-0: Ball 2-0: Fly out, F8 (Flyball, 8RD)
|
Top of the 9th over - 2 run(s), 1 hit(s), 1 error(s), 0 left on base; North Carolina State 18 - Washington State 2 |
BOTTOM OF THE 9TH |
Washington State Cougars batting - Pitching for North Carolina State Wolfpack : RHP Bob Howe
|
Now in RF: Ignacio Rabelo
|
|
Batting: LHB Andrew Lockhart
|
0-0: Ball 1-0: Ball 2-0: Swinging Strike 2-1: Foul Ball, location: 2F 2-2: Foul Ball, location: 2F 2-2: Foul Ball, location: 2F 2-2: Foul Ball, location: 2F 2-2: Foul Ball, location: 2F 2-2: Strikes out swinging
|
Batting: RHB Mauro Paredes
|
0-0: Swinging Strike 0-1: Swinging Strike 0-2: TRIPLE (Flyball, 78XD)
|
Batting: RHB John Hall
|
0-0: DOUBLE (Line Drive, 3D) Mauro Paredes scores
|
Batting: RHB Thomas Bowman
|
0-0: Ball 1-0: Called Strike 1-1: SINGLE (Groundball, 56D) John Hall to third Runner from 3rd tries for Home, SAFE, throw made home
|
Pinch Hitting: RHB Brian Austin
|
0-0: Called Strike 0-1: Ball 1-1: Ball 2-1: Ball 3-1: Fly out, F4 (Popup, 3)
|
Batting: RHB Bill McKinney
|
0-0: Ball 1-0: Fielders Choice at 2nd, 5-4 (Groundball, 56)
|
Bottom of the 9th over - 2 run(s), 3 hit(s), 0 error(s), 0 left on base; North Carolina State 18 - Washington State 4 |
|
Monday, December 5th, 2016 - OOTP Baseball 17.12 Build 75
|
|